 Dungeon Crawl Stone Soup version 0.23.2-33-g5129a83184 (webtiles) character file.

Game seed: 12420976743902997283

319 MalarOregon the Digger (level 6, -2/51 HPs)
             Began as a Ghoul Earth Elementalist on July 15, 2019.
             Slain by a gnoll shaman
             ... wielding a +0 club
              (10 damage)
             ... on level 3 of the Dungeon.
             The game lasted 00:06:02 (3594 turns).

MalarOregon the Digger (Ghoul Earth Elementalist)   Turns: 3594, Time: 00:06:03

Health: -2/51      AC:  6    Str: 12    XL:     6   Next: 46%
Magic:  2/9        EV: 12    Int: 12    God:
Gold:   84         SH:  0    Dex:  9    Spells: 4/10 levels left

rFire    . . .     SeeInvis .   g - +3 dagger
rCold    + . .     Gourm    .   (no shield)
rNeg     + + +     Faith    .   a - +2 robe {Archmagi}
rPois    ∞         Spirit   .   o - +1 helmet
rElec    .         Reflect  .   (no cloak)
rCorr    .         Harm     .   (no gloves)
MR       .....                  (no boots)
Stlth    ++........             (no amulet)
HPRegen  0.00/turn              (no ring)
MPRegen  0.11/turn              (no ring)

@: rotting
A: rotting body, claws 1, carnivore, cold resistance 1, negative energy
resistance 3, inhibited regeneration, torment resistance, unbreathing
a: no special abilities


You were on level 3 of the Dungeon.
You were not hungry.

You visited 1 branch of the dungeon, and saw 3 of its levels.

You collected 84 gold pieces.

Inventory:

Hand Weapons
 g - a +3 dagger (weapon)
   (You took it off a goblin on level 1 of the Dungeon)
 p - a +0 dagger of pain
   (You took it off a goblin on level 2 of the Dungeon)
Missiles
 b - 121 stones (quivered)
 c - a throwing net {!f}
Armour
 a - a +2 robe of the Archmagi (worn)
   (You found it on level 1 of the Dungeon)
 o - a +1 helmet (worn)
   (You took it off Robin on level 2 of the Dungeon)
Jewellery
 f - an uncursed ring of protection from cold {unknown}
   (You found it on level 1 of the Dungeon)
Scrolls
 d - a scroll of teleportation {unknown}
 h - 4 scrolls of identify {unknown}
 i - 2 scrolls of magic mapping {unknown}
 j - 2 scrolls of enchant armour {unknown}
 n - 2 scrolls of remove curse {unknown}
 r - a scroll of blinking {unknown}
Potions
 k - 2 potions of heal wounds {unknown}
 l - a potion of curing {unknown}
 m - a potion of cancellation {unknown}
 q - a potion of flight {unknown}
Comestibles
 e - 2 rations {!d}
 s - 15 chunks of flesh


   Skills:
 + Level 3.0 Fighting
 - Level 1.7 Dodging
 - Level 2.1 Stealth
 + Level 2.9 Spellcasting
 + Level 1.7 Conjurations
 + Level 2.3 Transmutations
 + Level 4.6 Earth Magic


You had 4 spell levels left.
You knew the following spells:

 Your Spells              Type           Power        Failure   Level  Hunger
a - Sandblast             Erth           ###...       3%          1    #......
q - Passwall              Tmut/Erth      ###.....     9%          2    ###....
x - Stone Arrow           Conj/Erth      ##....       21%         3    ###....

Your spell library contained the following spells:

 Spells                   Type           Power        Failure   Level  Hunger
 Petrify                  Tmut/Erth      ###.....     50%         4    #####..
 Lee's Rapid Deconstruct  Erth           ###.......   69%         5    ######.


Dungeon Overview and Level Annotations

Branches:
Dungeon (3/15)

Altars:
Elyvilon
Uskayaw


Innate Abilities, Weirdness & Mutations

Your body is rotting away.
You thrive on raw meat.
You are immune to poison.
You have sharp fingernails.
You are carnivorous and can eat meat at any time.
Your flesh is cold resistant. (rC+)
You are immune to negative energy. (rN+++)
You do not regenerate when monsters are visible.
You are immune to unholy pain and torment.
You can survive without breathing.


Message History

A gnoll shaman comes into view. It is wielding a +0 club.
The gnoll hits you with a +0 club.
* * * LOW HITPOINT WARNING * * *
Aim: a gnoll, wielding a +0 club (almost dead)
You feel a surge of power!
The blast of sand hits the gnoll.
You kill the gnoll!
Your Fighting skill increases to level 3!
b - 128 stones
Aim: a gnoll You feel a surge of power!
The blast of sand misses the gnoll.
The blast of sand hits the gnoll!
b - 127 stones The gnoll barely misses you.
Aim: a gnoll You feel a surge of power!
The blast of sand hits the gnoll.
b - 126 stones The gnoll hits you.
* * * LOW HITPOINT WARNING * * *
The gnoll hits you with a +0 flail!
* * * LOW HITPOINT WARNING * * *
Aim: a gnoll (moderately wounded)
You feel a surge of power!
The blast of sand hits the gnoll.
b - 125 stones The gnoll closely misses you.
The gnoll misses you.
Aim: a gnoll (severely wounded)
You feel a surge of power!
The blast of sand misses the gnoll.
The blast of sand hits the gnoll shaman but does no damage.
b - 124 stones The gnoll shaman calls upon its god to heal the gnoll.
The gnoll is healed somewhat.
The gnoll hits you!
* * * LOW HITPOINT WARNING * * *
Aim: a gnoll (moderately wounded)
You feel a surge of power!
The blast of sand hits the gnoll!
You kill the gnoll!
b - 123 stones The gnoll closely misses you.
The gnoll shaman calls upon its god to heal the gnoll.
The gnoll is healed somewhat.
Aim: a gnoll, wielding a +0 flail (heavily wounded)
You feel a surge of power!
The blast of sand hits the gnoll.
b - 122 stones The gnoll closely misses you.
Aim: a gnoll, wielding a +0 flail (almost dead)
You feel a surge of power!
The blast of sand hits the gnoll!
You kill the gnoll!
b - 121 stones Eat one of 16 chunks of flesh? (ye/n/q)
You eat one of the 16 chunks of flesh.
This raw flesh tastes great!
The gnoll shaman hits you with a +0 club!
You die...

################
......'))..'.... #@g..#
#....# #
#######''''#############
.......................#
≈≈≈≈≈≈≈....≈≈≈≈≈≈≈≈≈≈≈≈#
≈≈≈≈≈≈≈....≈≈≈≈≈≈≈≈≈≈≈≈≈
≈≈≈≈≈≈≈....≈≈≈≈≈≈≈≈≈≈≈≈≈
.............)....÷÷....
######>...........).....


You could see a gnoll shaman.

Vanquished Creatures
  2 orc priests (D:3)
  Robin (D:2)
  8 gnolls
  7 adders
  A worm (D:3)
  4 dart slugs
  3 leopard geckos
  2 orcs (D:3)
  3 ball pythons
  3 giant cockroaches
  16 goblins
  9 hobgoblins
  10 jackals
  4 quokkas
  4 bats
  A frilled lizard (D:1)
  10 kobolds
  8 rats
96 creatures vanquished.

Notes
Turn   | Place    | Note
-------+----------+-------------------------------------------
     0 | D:1      | MalarOregon the Ghoul Earth Elementalist began the quest
                  | for the Orb.
     0 | D:1      | Reached XP level 1. HP: 14/14 MP: 2/2
   290 | D:1      | Reached XP level 2. HP: 16/22 MP: 4/4
   378 | D:1      | Reached skill level 1 in Fighting
   970 | D:1      | Reached XP level 3. HP: 17/28 MP: 5/5
  1472 | D:1      | Learned a level 2 spell: Passwall
  1476 | D:1      | Learned a level 3 spell: Stone Arrow
  1649 | D:2      | Reached skill level 1 in Transmutations
  1765 | D:2      | Found a hide-covered altar of Uskayaw.
  1771 | D:2      | Reached XP level 4. HP: 36/36 MP: 6/6
  1802 | D:2      | Reached skill level 4 in Earth Magic
  1919 | D:2      | Noticed Robin
  2043 | D:2      | Found a white marble altar of Elyvilon.
  2156 | D:2      | Killed Robin
  2156 | D:2      | Reached skill level 1 in Conjurations
  2156 | D:2      | Reached XP level 5. HP: 25/41 MP: 2/7
  2982 | D:3      | Noticed an ogre
  3477 | D:3      | Reached XP level 6. HP: 50/50 MP: 6/9
  3594 | D:3      | Slain by a gnoll shaman

Skill      XL: |  1  2  3  4  5  6 |
---------------+-------------------+-----
Spellcasting   | 2 |  2.9
Fighting       | 1 2 3 |  3.0
Transmutations | 1 2 |  2.3
Earth Magic    | 4 |  4.6
Conjurations   | 1 |  1.7
Dodging        | |  1.7
Stealth        | |  2.1

Action                   |  1- 3 |  4- 6 || total
-------------------------+-------+-------++-------
Melee: Unarmed           |    67 |       ||    67
       Dagger            |    70 |   193 ||   263
 Cast: Sandblast         |    12 |    39 ||    51
 Stab: Sleeping          |     5 |       ||     5
  Eat: Chunk             |     9 |     7 ||    16
Armor: Robe              |    38 |    77 ||   115
Dodge: Dodged            |   131 |   176 ||   307
